Map: [ESL] Babylon

Players

BabyMarine

  • Race: Terran Terran
  • Spawn Location: 11:00

Lambo - Winner!

  • Race: Zerg Zerg
  • League: Master
  • Spawn Location: 5:00

Event: HomeStory Cup XXIII

VOD

Have the link to the VOD?

Description

Time

  • Played on: June 30, 2023, 7:28 a.m.
  • Length: 9:17

All games in this series

Show
View Real Time Build Order
Export as new Build Order

BabyMarine Terran 

Build Orders:  

Get SALT Encoding   

  12  0:00  SCV  
  13  0:12  SCV  
  14  0:19  Supply Depot  
  14  0:24  SCV  
  15  0:41  SCV  
  16  0:42  Barracks  
  16  0:45  Refinery  
  16  0:53  SCV  
  17  1:05  Barracks  
  17  1:07  SCV  
  18  1:19  SCV  
  19  1:26  Barracks  
  19  1:29  Reaper  
  20  1:36  Orbital Command  
  20  1:43  Supply Depot  
  20  1:53  Reaper, Refinery  
  21  2:02  SCV  
  21  2:05  Reaper  
  23  2:14  SCV  
  24  2:20  Reaper  
  25  2:26  SCV  
  26  2:31  Reaper  
  26  2:34  Supply Depot  
  27  2:38  SCV  
  27  2:39  Reaper  
  29  2:55  Command Center  
  29  2:56  Reaper  
  30  2:58  SCV  
  31  3:07  Reaper  
  31  3:11  Reaper  
  34  3:12  SCV  
  34  3:14  Supply Depot  
  34  3:27  SCV  
  34  3:40  SCV  
  32  3:48  Barracks Tech Lab  
  32  3:53  SCV  
  32  3:54  Barracks Reactor x2  
  30  4:05  SCV  
  30  4:07  Factory  
  30  4:09  Orbital Command  
  31  4:14  Marine  
  33  4:17  SCV  
  33  4:20  Stimpack, Marine, Supply Depot  
  34  4:27  Marine  
  34  4:29  SCV  
  36  4:32  Marine  
  36  4:38  Marine  
  37  4:39  SCV  
  37  4:41  SCV  
  37  4:45  Marine  
  38  4:49  Marine  
  38  4:52  SCV  
  40  4:53  SCV  
  40  4:55  Marine  
  37  5:03  Marine  
  37  5:04  SCV  
  37  5:05  SCV  
  39  5:07  Marine  
  39  5:11  Starport  
  39  5:13  Marine  
  39  5:15  Factory Reactor  
  39  5:16  SCV  
  41  5:22  Supply Depot  
  41  5:24  Barracks Reactor  
  41  5:25  SCV  
  42  5:29  SCV  
  42  5:31  Barracks Reactor  
  42  5:32  Marine  
  43  5:36  Barracks  
  43  5:37  Barracks, SCV  
  43  5:41  SCV, Engineering Bay  
  45  5:43  Refinery  
  45  5:50  Marine  
  45  5:51  SCV  
  45  5:53  SCV  
  48  5:58  Factory Tech Lab, Medivac x2  
  48  5:59  Supply Depot  
  48  6:00  Marine x2  
  48  6:03  Combat Shield  
  54  6:04  SCV  
  54  6:05  SCV  
  54  6:07  Marine x2  
  54  6:08  Marine  
  59  6:17  Siege Tank  
  59  6:18  Marine x2  
  63  6:21  Supply Depot  
  63  6:24  Marine x2  
  63  6:25  Marine x2  
  68  6:26  Marine  
  68  6:29  Terran Infantry Weapons Level 1  
  69  6:36  Marine x2  
  71  6:40  Medivac  
  71  6:41  Marine x2  
  71  6:42  Marine  
  71  6:43  Marine x2, Supply Depot  
  78  6:53  Marine  
  78  6:54  Marine  
  80  6:56  Siege Tank  
  80  6:59  Marine x2, Supply Depot  
  80  7:00  Marine, Supply Depot  
  86  7:05  Marine x2  
  88  7:11  Marine x2  
  90  7:17  Marine x2  
  90  7:18  Marine  
  85  7:23  Marine x2  
  85  7:29  Marine x2  
  89  7:35  Marine x2  
  89  7:36  Marine  
  92  7:40  Marine x2  
  92  7:41  Siege Tank  
  97  7:47  Marine x2  
  99  7:53  Marine x2  
  99  7:54  Marine  
  102  7:58  Marine  
  102  8:01  Marine, Command Center  
  102  8:05  Marine  
  105  8:08  SCV  
  105  8:10  Marine  
  105  8:11  Marine  
  105  8:12  Marine  
  109  8:14  Marine  
  107  8:24  Marine x2  
  100  8:28  Marine x2  
  100  8:30  Marine  
  100  8:32  Marine  
  79  8:42  Marine x2  
  79  8:46  Marine x2  
  79  8:48  Marine  
  78  8:49  Marine  
Show
View Real Time Build Order
Export as new Build Order

Lambo Zerg - Winner!

Build Orders: Hatch First 

Get SALT Encoding   

  12  0:00  Drone  
  13  0:13  Overlord  
  13  0:17  Drone  
  14  0:32  Drone x2  
  16  0:48  Hatchery  
  15  0:51  Drone  
  15  0:55  Drone  
  17  0:58  Drone  
  18  1:08  Extractor  
  17  1:13  Spawning Pool  
  17  1:16  Drone  
  17  1:20  Drone  
  18  1:29  Drone  
  19  1:39  Drone  
  20  1:50  Drone  
  21  2:01  Queen x2  
  25  2:02  Zergling x4  
  27  2:12  Drone, Overlord  
  27  2:13  Metabolic Boost  
  27  2:31  Hatchery  
  27  2:32  Zergling x2  
  27  2:38  Drone  
  27  2:39  Drone x2  
  30  2:48  Overlord, Zergling x2  
  31  2:55  Zergling x4  
  33  3:00  Queen  
  35  3:06  Zergling x4  
  35  3:10  Zergling x4  
  39  3:13  Zergling x2  
  39  3:14  Zergling x2  
  40  3:22  Overlord  
  40  3:23  Zergling x4  
  42  3:32  Hatchery  
  41  3:37  Zergling x6  
  42  3:46  Drone x2  
  43  3:55  Drone  
  43  3:58  Drone  
  45  4:03  Drone  
  45  4:06  Drone  
  47  4:16  Drone  
  47  4:18  Drone  
  47  4:21  Drone x3  
  50  4:27  Drone  
  49  4:31  Drone x3  
  49  4:34  Overlord  
  51  4:39  Drone  
  51  4:42  Extractor, Overlord  
  51  4:43  Queen x2  
  51  4:44  Drone  
  55  4:48  Drone  
  56  4:53  Drone x4  
  56  4:57  Drone  
  56  4:59  Drone x2  
  59  5:00  Drone x2  
  60  5:08  Drone x2  
  60  5:11  Drone  
  63  5:20  Drone x2  
  65  5:23  Drone x3  
  65  5:24  Drone  
  65  5:25  Lair  
  65  5:26  Drone  
  65  5:27  Hatchery  
  69  5:28  Drone  
  69  5:35  Queen, Drone x3  
  71  5:42  Extractor, Zergling x2, Baneling Nest  
  73  5:43  Extractor, Overlord x2  
  73  5:49  Zergling x4  
  74  5:55  Overlord  
  74  6:02  Drone x3  
  74  6:03  Drone x2  
  79  6:05  Hatchery  
  79  6:06  Zergling x10  
  79  6:10  Zergling x2  
  79  6:11  Zergling x4, Evolution Chamber  
  85  6:16  Zergling x4, Evolution Chamber  
  85  6:18  Queen  
  88  6:21  Zergling x2  
  89  6:29  Zergling x16  
  97  6:34  Centrifugal Hooks  
  97  6:36  Zerg Ground Armor Level 1  
  97  6:38  Zergling x2  
  98  6:41  Overlord  
  98  6:42  Zergling x10  
  98  6:45  Drone  
  104  6:48  Zerg Melee Weapons Level 1  
  104  6:52  Overlord, Baneling x10  
  104  6:53  Overlord  
  104  7:01  Overlord  
  104  7:02  Drone x6  
  104  7:03  Overseer  
  110  7:11  Overlord  
  109  7:16  Zergling x4  
  111  7:24  Drone  
  111  7:26  Zergling x26  
  111  7:28  Baneling x12  
  125  7:38  Overlord  
  125  7:39  Overlord  
  125  7:44  Overlord, Zergling x2  
  126  7:56  Queen x3, Zergling x4  
  126  7:57  Overlord  
  134  8:00  Zergling x8  
  134  8:01  Zergling x8  
  142  8:09  Zergling x20  
  148  8:13  Baneling x5  
  148  8:15  Zergling x8  
  148  8:21  Zergling x8  
  148  8:26  Overlord  
  145  8:32  Zergling x4  
  145  8:33  Baneling x5  
  141  8:37  Zergling x8  
  137  8:44  Zergling x2  
  137  8:45  Zergling x14  
  137  8:47  Zergling x2  
  145  8:50  Zergling x2  
  145  8:51  Baneling x7  
  146  8:58  Zergling x10  
Tags
 
Add a new tag
Caveats
  • Supply blocks, unpowered buildings, or Contaminate may cause inaccurate times.
  • Supply counts are checked every 10 seconds.